 Dungeon Crawl Stone Soup version 0.31.0-9-g3a7656b989 (webtiles) character file.

Game seed: 6432010511249199092

30 qw the Shooter (level 3, -5/20 HPs)
             Began as a Deep Elf Hunter on Feb 2, 2024.
             Slain by a hobgoblin (6 damage)
             ... led by Robin
             ... on level 2 of the Dungeon.
             The game lasted 00:00:01 (572 turns).

qw the Shooter (Deep Elf Hunter)                     Turns: 572, Time: 00:00:02

Health: -5/20      AC:  3    Str: 10    XL:     3   Next: 3%
Magic:  5/5        EV: 12    Int: 13    God:
Gold:   52         SH:  0    Dex: 18    Spells: 2/2 levels left

rFire   . . .        a - +0 shortbow
rCold   . . .        (shield currently unavailable)
rNeg    . . .        c - +0 leather armour
rPois   .            (no helmet)
rElec   .            (no cloak)
rCorr   .            (no gloves)
SInv    .            (no boots)
Will    .....        (no amulet)
Stlth   ++           (no ring)
HPRegen 0.23/turn    (no ring)
MPRegen 0.09/turn

%: no passive effects
@: no status effects
A: no striking features
a: no special abilities


You were on level 2 of the Dungeon.
You visited 1 branch of the dungeon, and saw 2 of its levels.

You collected 52 gold pieces.


   Skills:
 - Level 1.5 Fighting
 + Level 6.6 Ranged Weapons
 - Level 2.4 Dodging
 - Level 1.2 Stealth


You had 2 spell levels left.
You didn't know any spells.
Your spell library was empty.

Inventory:

Hand Weapons
 a - a +0 shortbow (weapon)
Armour
 c - a +0 leather armour (worn)
 f - a +0 cloak
Scrolls
 b - a scroll of butterflies
 d - 3 scrolls of identify {unknown}
 e - 2 scrolls of teleportation {unknown}
 g - a scroll of enchant weapon {unknown}
Potions
 h - 2 potions of curing {unknown}
 i - a potion of magic {unknown}

Dungeon Overview and Level Annotations

Branches:
Dungeon (1/15)

Altars:

Annotations:
D:2 Robin


Message History

You feel stronger. x2
You shoot an arrow. The arrow closely misses the goblin.
The goblin shouts!
You hear an angry hiss.
Robin throws the goblin at you!
You shoot an arrow. The arrow hits the goblin.
The goblin is severely wounded.
The goblin misses you.
A goblin comes into view. It is wielding a +0 club.
Robin throws the goblin at you!
You shoot an arrow. The arrow barely misses the goblin.
The goblin hits you with a +0 club. x2
A giant cockroach comes into view.
You shoot an arrow. The arrow hits the goblin.
You kill the goblin!
A bat comes into view.
A goblin comes into view. It is wielding a +0 dagger.
The goblin hits you with a +0 club.
Robin says, "Kneel, worm!"
The goblin closely misses you.
You shoot an arrow. The arrow misses the goblin.
The goblin closely misses you.
A hobgoblin comes into view.
The goblin hits you but does no damage.
You shoot an arrow. The hobgoblin shouts!
The arrow hits the goblin.
The goblin is almost dead.
The goblin hits you but does no damage. The goblin hits you with a +0 dagger.
You shoot an arrow. The arrow barely misses the goblin.
The goblin barely misses you. The goblin closely misses you.
You shoot an arrow. The arrow closely misses the goblin.
The goblin misses you. The goblin closely misses you.
A goblin comes into view. It is wielding a +0 club.
The goblin closely misses you. Robin throws the goblin at you!
The goblin hits you with a +0 dagger.
You shoot an arrow. The arrow hits the goblin.
You kill the goblin!
The goblin hits you with a +0 club. The hobgoblin hits you.
You die...

#.# #.# #.# #.# ## #.#
#.# .. #.# #.# #.
#.###### #.# #.
#.##...## #.# ..####.
#.#.....# #.#
.gBgb.g#####.......###.#
#g@g.........^....#
#.########...###### #.
##.## #. #.# #. #.# #.
#.# #. #. #.


You could see Robin, a giant cockroach, 2 hobgoblins, 2 goblins and a bat.

Vanquished Creatures
  2 bats (D:1)
  2 endoplasms (D:1)
  2 giant cockroaches (D:1)
  7 goblins
  A hobgoblin (D:2)
  3 quokkas (D:1)
  3 ball pythons (D:1)
  A frilled lizard (D:1)
  2 kobolds (D:1)
  4 rats
27 creatures vanquished.

Notes
Turn   | Place    | Note
-------+----------+-------------------------------------------
     0 | D:1      | qw the Deep Elf Hunter began the quest for the Orb.
     0 | D:1      | Reached XP level 1. HP: 12/12 MP: 3/3
     0 | D:1      | 0 ||| qw: Version: 0.3-a-155-g5e7d8dd
     0 | D:1      | 0 ||| qw: Game counter: 196
     0 | D:1      | 0 ||| qw: Melee chars always use a shield: true
     0 | D:1      | 0 ||| qw: God list: Okawaru
     0 | D:1      | 0 ||| qw: Allow faded altars: false
     0 | D:1      | 0 ||| qw: Do Orc after clearing Dungeon:15 true
     0 | D:1      | 0 ||| qw: Do second Lair branch before Depths: true
     0 | D:1      | 0 ||| qw: Lair rune preference: random
     0 | D:1      | 0 ||| qw: Goals: Normal
     0 | D:1      | 0 ||| PLANNING D:1-11
   124 | D:1      | Reached skill level 6 in Ranged Weapons
   124 | D:1      | Reached XP level 2. HP: 16/16 MP: 4/4
   533 | D:1      | You fall into a shaft and drop 1 floor!
   562 | D:2      | Noticed Robin
   564 | D:2      | Reached XP level 3. HP: 20/20 MP: 5/5
   569 | D:2      | HP: 4/20 [goblin/+0 dagger[Robin] (5)]
   572 | D:2      | HP: 1/20 [goblin/+0 club[Robin] (3)]
   572 | D:2      | Slain by a hobgoblin

Levels and vault maps discovered:
D:1:      reono_arrival_mine, layout_loops_ring
D:2:      layout_loops_ring, uniq_natasha, uniq_robin

Skill      XL: |  1 |
---------------+----+-----
Ranged Weapons | 6 |  6.6
Fighting       | |  1.5
Dodging        | |  2.4
Stealth        | |  1.2

Action                     || total
---------------------------++-------
   Fire: Shortbow          ||    67
 Armour: Leather armour    ||    13
  Dodge: Dodged            ||    24

Table legend:
 A = Non-vault XP
 B = Vault XP
 C = Vault XP percentage of total XP
 D = Non-vault monster count
 E = Vault monster count
 F = Vault count percentage of total count
                 A         B        C        D         E       F
            +---------+---------+-------+---------+---------+-------
      Total |      31 |      14 |  31.1 |      20 |       7 |  25.9
            +---------+---------+-------+---------+---------+-------
        D:1 |      30 |       0 |   0.0 |      19 |       0 |   0.0
        D:2 |       1 |      14 |  93.3 |       1 |       7 |  87.5
            +---------+---------+-------+---------+---------+-------
